AoeStats
← pascapas

Black Forest

507356113Analyzed
4v4 RM · 16d ago on Sep 17, 2026· 57m 29s· 8 players
Game mode
Random Map
Map size
Large (8 player)
Population
200
Speed
Normal
Resources
Standard
Victory
Conquest
Starting age
Dark Age
Ending age
Imperial Age
RankedLock teamsTeams togetherTeam positionsShared explorationLock speedFull tech treeHidden civsTurbo modeCheats
Victory
Defeat
🇨🇱 Britons · Chile
851
+11
🇯🇵 Maya · Japan
841
+11
🇨🇦 Italians · Canada
789
+13
🇲🇽 Goths · Mexico
752
+15
🇨🇭 Chinese · Switzerland
797
-15
🇲🇽 Portuguese · Mexico
726
-12
🇬🇪 Burgundians · Georgia
719
-12
🇹🇷 Teutons · Türkiye
679
-11
DOTORSACAMUELAS
0:31 Loom
19:51 Feudal Age
24:42 Castle Age
24:00 Double-Bit Axe
26:02 Bow Saw
26:35 Wheelbarrow
27:08 Gold Mining
28:02 Scale Barding Armor
28:53 Scale Barding Armor
28:56 Husbandry
29:42 Hand Cart
31:51 Town Watch
32:48 Stone Mining
35:05 Horse Collar
39:12 Stone Shaft Mining
44:16 Imperial Age
41:49 Town Patrol
42:25 Heavy Plow
43:05 Padded Archer Armor
44:37 Ballistics
44:51 Fletching
46:47 Bodkin Arrow
49:01 Chemistry
48:55 Chain Barding Armor
49:04 Bloodlines
48:15 Light Cavalry
52:21 Conscription
52:56 Plate Barding Armor
52:32 Forging
avto.kakhishvili1
0:26 Loom
11:13 Feudal Age
10:53 Wheelbarrow
11:03 Wheelbarrow
16:27 Castle Age
14:59 Double-Bit Axe
15:28 Horse Collar
17:08 Bow Saw
22:57 Stone Mining
25:37 Wheelbarrow
26:11 Heavy Plow
27:19 Two-Man Saw
26:06 Fishing Lines
28:45 Gold Mining
31:50 Scale Barding Armor
31:56 Forging
31:44 Gillnets
33:19 Burgundian Vineyards
36:48 Imperial Age
34:42 Hand Cart
35:55 Ballistics
37:06 Gold Shaft Mining
37:44 Stone Shaft Mining
38:09 Iron Casting
37:55 Chain Barding Armor
40:32 Chemistry
39:36 Onager
44:36 Elite Coustillier
46:06 Bombard Tower
45:57 Masonry
48:08 Plate Barding Armor
48:34 Blast Furnace
51:18 Elite Skirmisher
51:58 Fletching
52:09 Padded Archer Armor
53:41 Bodkin Arrow
54:02 Leather Archer Armor
I MISS HER
13:27 Feudal Age
17:44 Double-Bit Axe
24:47 Castle Age
22:30 Horse Collar
29:44 Heavy Plow
29:56 Bow Saw
33:13 Elite Skirmisher
35:28 Caravan
36:30 Wheelbarrow
37:13 Stone Mining
37:16 Gold Mining
41:29 Imperial Age
39:01 Pikeman
39:41 Squires
39:28 Arson
39:29 Gambesons
40:03 Scale Mail Armor
40:13 Forging
41:21 Stone Shaft Mining
43:27 Chemistry
44:18 Two-Man Saw
43:44 Elite Teutonic Knight
pascapas
1:18 Loom
16:01 Feudal Age
adrian
0:29 Loom
17:53 Feudal Age
19:18 Man-at-Arms
22:18 Double-Bit Axe
24:12 Scale Mail Armor
24:50 Forging
32:13 Castle Age
37:32 Imperial Age
35:22 Chain Mail Armor
35:42 Iron Casting
35:11 Squires
34:31 Pikeman
35:52 Fletching
36:05 Gold Mining
36:11 Stone Mining
38:01 Anarchy
39:39 Wheelbarrow
40:12 Masonry
41:04 Bow Saw
40:47 Fishing Lines
42:33 Chemistry
42:24 Perfusion
43:59 Conscription
43:13 Halberdier
45:32 Two-Man Saw
45:23 Architecture
45:14 Ballistics
44:49 Murder Holes
46:00 Blast Furnace
44:56 Bodkin Arrow
45:19 Hand Cart
46:46 Stone Shaft Mining
45:55 Horse Collar
46:09 Gillnets
47:24 Heavy Plow
50:27 Town Watch
57:11 Caravan
MarbleFire01180
0:40 Loom
14:44 Feudal Age
16:26 Wheelbarrow
15:35 Horse Collar
15:44 Double-Bit Axe
15:54 Gold Mining
17:23 Man-at-Arms
17:49 Arson
18:04 Town Watch
23:21 Fletching
27:22 Castle Age
29:01 Hand Cart
29:56 Heavy Plow
30:32 Caravan
33:23 Bow Saw
33:07 Stone Mining
34:09 Town Patrol
35:16 Stone Shaft Mining
37:39 Imperial Age
36:48 Silk Road
38:13 Treadmill Crane
39:35 Chemistry
38:56 Ballistics
38:48 Fortified Wall
38:35 Murder Holes
38:51 Masonry
38:27 Arrowslits
38:48 Padded Archer Armor
38:44 Bodkin Arrow
38:59 Forging
39:13 Conscription
39:27 Thumb Ring
39:32 Scale Barding Armor
40:06 Crop Rotation
40:42 Two-Man Saw
39:43 Guard Tower
40:16 Leather Archer Armor
43:27 Hoardings
46:34 Elite Genoese Crossbowman
47:18 Bracer
47:49 Ring Archer Armor
47:57 Iron Casting
47:26 Husbandry
47:37 Bloodlines
46:47 Light Cavalry
50:58 Hussar
52:43 Blast Furnace
52:04 Chain Barding Armor
55:57 Architecture
56:12 Plate Barding Armor
Dr Deleetus
1:37 Loom
16:41 Feudal Age
21:08 Castle Age
19:35 Double-Bit Axe
20:07 Horse Collar
22:18 Wheelbarrow
23:08 Bow Saw
24:11 Stone Mining
24:32 Heavy Plow
29:33 Hand Cart
30:00 Stone Mining
31:54 Pikeman
33:53 Gambesons
34:08 Squires
33:52 Man-at-Arms
34:29 Fletching
35:36 Long Swordsman
36:08 Town Watch
36:16 Gold Mining
40:20 Imperial Age
38:43 Bodkin Arrow
38:48 Padded Archer Armor
38:50 Scale Mail Armor
39:00 Forging
39:53 Leather Archer Armor
41:03 Ballistics
40:24 Treadmill Crane
40:55 Masonry
43:09 Conscription
42:53 Bracer
43:23 Ring Archer Armor
43:30 Ring Archer Armor
43:54 Elite Longbowman
45:08 Chain Mail Armor
44:44 Two-Handed Swordsman
46:03 Yeomen
46:20 Hoardings
47:02 Chemistry
46:09 Siege Engineers
47:16 Gold Shaft Mining
46:42 Halberdier
47:08 Arson
48:24 Iron Casting
48:19 Plate Mail Armor
51:19 Warwolf
53:27 Champion
54:21 Capped Ram
56:33 Blast Furnace
55:39 Scale Barding Armor
しこっぴ
0:27 Loom
12:29 Feudal Age
13:05 Man-at-Arms
13:31 Arson
14:47 Fletching
14:45 Town Watch
18:24 Padded Archer Armor
20:04 Double-Bit Axe
27:30 Gold Mining
27:30 Stone Mining
30:07 Horse Collar
37:08 Castle Age
35:24 Forging
35:15 Scale Mail Armor
37:14 Crossbowman
39:36 Fervor
42:30 Imperial Age
40:20 Heavy Plow
40:34 Bow Saw
41:12 Fortified Wall
41:23 Ballistics
40:55 Guard Tower
41:49 Wheelbarrow
41:59 Sanctity
42:17 Murder Holes
42:56 Thumb Ring
46:14 Crop Rotation
45:55 Caravan
48:07 Chemistry
47:25 Masonry
48:03 Conscription
48:58 Elite Plumed Archer
51:05 Bodkin Arrow
51:25 Leather Archer Armor
52:02 Stone Shaft Mining
51:57 Bracer
54:36 Ring Archer Armor
54:28 Hand Cart
54:14 Town Patrol
55:44 Hoardings
Connection lost

Rejoining the realm…

Still unreachable

The connection could not be restored.

Session expired

The server has moved on; the page needs a fresh start.